 Dungeon Crawl Stone Soup version 0.25.1-8-g42b30a86e7 (webtiles) character file.

Game seed: 12282989921822591542

407 hawla the Magician (level 6, -4/45 HPs)
             Began as a Draconian Conjurer on Dec 4, 2020.
             Slain by Purgy (5 damage)
             ... in a sewer on Dec 5, 2020.
             The game lasted 00:11:50 (4115 turns).

hawla the Magician (Draconian Conjurer)             Turns: 4115, Time: 00:11:50

Health: -4/45      AC:  6    Str: 11    XL:     6   Next: 57%
Magic:  5/13       EV: 12    Int: 17    God:
Gold:   135        SH:  0    Dex: 11    Spells: 8/15 levels left

rFire    . . .     SeeInvis .   (no weapon)
rCold    . . .     Gourm    .   (no shield)
rNeg     . . .     Faith    .   (armour unavailable)
rPois    .         Spirit   .   (helmet restricted)
rElec    .         Reflect  .   (no cloak)
rCorr    .         Harm     .   (no gloves)
MR       .....                  (no boots)
Stlth    +.........             (no amulet)
HPRegen  0.15/turn              (no ring)
MPRegen  0.13/turn              (no ring)

@: very slow
A: unfitting armour, cold-blooded, AC +6
a: no special abilities


You were in a sewer.
You were hungry.

You visited 1 branch of the dungeon, and saw 3 of its levels.
You also visited: Sewer.

You collected 135 gold pieces.

Inventory:

Jewellery
 d - an uncursed amulet of faith
Scrolls
 c - a scroll of identify
 f - 2 scrolls of random uselessness
 g - a scroll of remove curse
Comestibles
 a - 2 chunks of flesh
 b - 4 rations


   Skills:
 - Level 1.7 Dodging
 - Level 1.7 Stealth
 + Level 5.2 Spellcasting
 - Level 4.0 Conjurations
 * Level 4.0 Translocations


You had 8 spell levels left.
You knew the following spells:

 Your Spells              Type           Power        Failure   Level  Hunger
a - Magic Dart            Conj           ###.         2%          1    None
b - Searing Ray           Conj           ###...       4%          2    #......
c - Iskenderun's Mystic   Conj/Tloc      ###.....     26%         4    ####...

Your spell library contained the following spells:

 Spells                   Type           Power        Failure   Level  Hunger
 Dazzling Flash           Conj/Hex       ##....       19%         3    ###....
 Fulminant Prism          Conj/Hex       ##........   52%         4    ####...


Dungeon Overview and Level Annotations

Branches:
Dungeon (3/15)              Sewer (1/1)

Altars:
Ashenzari
Uskayaw
Wu Jian
Zin

Annotations:
Sewer Purgy


Innate Abilities, Weirdness & Mutations

Your plain brown scales are hard. (AC +6)
You cannot fit into any form of body armour.
You are cold-blooded and may be slowed by cold attacks.


Message History

Purgy bites you.
* * * LOW HITPOINT WARNING * * *
Purgy claws you but does no damage. Purgy closely misses you.
You aren't carrying any potions.
Okay, then.
You barely miss Purgy.
Your tail-slap misses Purgy.
Purgy misses you. Purgy claws you but does no damage. Purgy closely misses you.
You enter the shallow water.
Moving in this stuff is going to be slow.
Purgy bites you.
* * * LOW HITPOINT WARNING * * *
Purgy closely misses you. Purgy claws you but does no damage.
Purgy bites you but does no damage. Purgy claws you but does no damage.
Purgy completely misses you. Purgy barely misses you. Purgy closely misses you.
Purgy claws you but does no damage. Purgy bites you but does no damage.
Purgy completely misses you. Purgy claws you but does no damage.
Purgy hisses menacingly.
Purgy bites you.
You die...

+.≈≈≈.+
#.≈≈≈.#
####.≈≈≈.####
#∩....∩..'(.#
####.≈≈≈.####
#.≈≈≈.####
+.≈≈≈.'..#
#.≈≈≈.####
#.≈≈@.####
+.≈≈T.'..#
#.≈≈≈.####
#.≈≈≈.#
+.≈≈≈.+
####### #≈≈≈#
#≈≈≈# #≈≈≈#


You could see Purgy.

Vanquished Creatures
  Sigmund (D:2)
  An ogre (D:2)
  Terence (D:2)
  6 adders
  An adder skeleton (D:2)
  2 worms (D:2)
  3 dart slugs (D:1)
  5 leopard geckos
  A ball python (D:2)
  7 bats
  6 giant cockroaches
  7 goblins
  3 hobgoblins (D:1)
  10 jackals
  6 kobolds
  4 frilled lizards
  8 rats
72 creatures vanquished.

Notes
Turn   | Place    | Note
-------+----------+-------------------------------------------
     0 | D:1      | hawla the Draconian Conjurer began the quest for the Orb.
     0 | D:1      | Reached XP level 1. HP: 14/14 MP: 3/3
   354 | D:1      | Reached XP level 2. HP: 20/20 MP: 0/5
   568 | D:1      | Reached skill level 3 in Spellcasting
   893 | D:1      | Learned a level 2 spell: Searing Ray
  1115 | D:1      | Reached XP level 3. HP: 26/26 MP: 5/7
  1764 | D:2      | Noticed Sigmund
  1798 | D:2      | Found an ornate altar of the Wu Jian Council.
  2080 | D:2      | Noticed Terence
  2083 | D:2      | Reached skill level 4 in Spellcasting
  2083 | D:2      | Reached XP level 4. HP: 33/33 MP: 3/10
  2135 | D:2      | Killed Terence
  2442 | D:2      | Learned a level 4 spell: Iskenderun's Mystic Blast
  2446 | D:2      | Found a shattered altar of Ashenzari.
  2610 | D:2      | Reached skill level 1 in Translocations
  3255 | D:2      | Killed Sigmund
  3255 | D:2      | Reached skill level 5 in Spellcasting
  3255 | D:2      | Reached XP level 5. HP: 17/38 MP: 3/12
  3255 | D:2      | Reached XP level 6. HP: 20/45 MP: 3/13
  3644 | D:2      | Found a glowing silver altar of Zin.
  3648 | D:2      | Found a hide-covered altar of Uskayaw.
  3924 | D:3      | Found a glowing drain.
  3945 | Sewer    | Entered a sewer
  4065 | Sewer    | Noticed Purgy
  4112 | Sewer    | HP: 1/45 [Purgy (5)]
  4115 | Sewer    | Slain by Purgy

Illustrated notes

Levels and vault maps discovered:
D:1:      evilmike_arrival_rings, layout_basic, st_stairs_10,
          minmay_tetromino_l4
D:2:      layout_rooms, nicolae_ashenzari_panopticon, lemuel_crystal_altar,
          grunt_temple_overflow_open, uniq_terence, uniq_sigmund
D:3:      layout_rooms, lemuel_crystal_altar, elyvilon_altar_5,
          portal_sewer_entry_f, first_ration, minmay_liquid_box,
          lemuel_altar_in_water, uniq_ijyb
Sewer:    kennysheep_door_sewer

Skill      XL: |  1  2  3  4  5  6 |
---------------+-------------------+-----
Spellcasting   | 3 4 5 |  5.2
Translocations | 3 4 |  4.0
Dodging        | |  1.7
Stealth        | |  1.7
Conjurations   | |  4.0

Action                   |  1- 3 |  4- 6 || total
-------------------------+-------+-------++-------
Melee: Unarmed           |    64 |     4 ||    68
       Tailslap          |     7 |       ||     7
 Cast: Magic Dart        |    63 |    28 ||    91
       Searing Ray       |     7 |    33 ||    40
       Iskenderun's Myst |       |     2 ||     2
  Use: Scroll            |       |     4 ||     4
       Potion            |       |     1 ||     1
  Eat: Chunk             |     4 |     3 ||     7
       Ration            |       |     1 ||     1
Armor: Skin              |    16 |    33 ||    49
Dodge: Dodged            |    51 |    68 ||   119
